 Dungeon Crawl Stone Soup version 0.30.0-7-g0c4daa9e05 (webtiles) character file.

Game seed: 1381424635473011352

73670 KamiKatze the Eclecticist (level 15, -1/86 HPs)
             Began as a Deep Elf Conjurer on May 12, 2023.
             Was a High Priest of Vehumet.
             Killed by an exploding ball lightning (22 damage)
             ... on level 14 of the Dungeon on May 13, 2023.
             The game lasted 01:51:27 (27278 turns).

KamiKatze the Eclecticist (Deep Elf Conjurer)      Turns: 27278, Time: 01:51:27

Health: -1/86      AC:  6    Str:  4    XL:     15   Next: 4%
Magic:  25/38      EV: 19    Int: 31    God:    Vehumet [*****.]
Gold:   2354       SH:  0    Dex: 13    Spells: 12/49 levels left

rFire   + + .        F - staff of cold
rCold   + . .        (no shield)
rNeg    . . .        s - +1 robe {rF+}
rPois   .            u - +0 helmet
rElec   .            (no cloak)
rCorr   .            C - +0 pair of gloves
SInv    .            I - +0 pair of boots
Will    +....        A - amulet of regeneration
Stlth   ++++         p - ring of protection from fire
HPRegen 1.14/turn    Q - +5 ring of evasion
MPRegen 0.26/turn

%: no passive effects
@: no status effects
A: no striking features
a: Renounce Religion


You were on level 14 of the Dungeon.
You worshipped Vehumet.
Vehumet was extremely pleased with you.
You visited 4 branches of the dungeon, and saw 22 of its levels.

You collected 2382 gold pieces.
You spent 28 gold pieces at shops.

Inventory:

Hand Weapons
 c - a +0 whip
 w - a +2 short sword of venom
Missiles
 f - 28 poisoned darts
 m - 4 datura-tipped darts
 y - 8 curare-tipped darts (quivered)
 J - 5 throwing nets
 K - 2 atropa-tipped darts
Armour
 s - a +1 robe of fire resistance (worn)
 u - a +0 helmet (worn)
 C - a +0 pair of gloves (worn)
 I - a +0 pair of boots (worn)
Magical Staves
 e - a staff of earth
 F - a staff of cold (weapon)
Jewellery
 n - an amulet of the acrobat
 p - a ring of protection from fire (left hand)
 v - a +6 ring of dexterity
 z - the ring "Azetsaez" {Str+6 SInv Stlth+}
   (You took it off a kobold brigand on level 5 of the Dungeon)

   [ring of strength]

   Str:       It affects your strength (+6).
   SInv:      It lets you see invisible.
   Stlth:     It makes you more stealthy.
 A - an amulet of regeneration (around neck)
 L - a ring of resist corrosion
 Q - a +5 ring of evasion (right hand)
 W - a ring of ice
 Z - a ring of protection from fire
Wands
 b - a wand of iceblast (2)
 q - a wand of charming (22)
 B - a wand of flame (11)
 E - a wand of light (9)
 N - a wand of polymorph (9)
 U - a wand of mindburst (7)
 V - a wand of digging (3)
Scrolls
 k - 4 scrolls of torment
 l - 8 scrolls of blinking
 o - 7 scrolls of identify
 D - 6 scrolls of teleportation
 G - a scroll of fog
 H - 6 scrolls of magic mapping
 M - 3 scrolls of fear
 T - 2 scrolls of enchant weapon
 Y - a scroll of brand weapon {unknown}
Potions
 a - a potion of brilliance
 d - 4 potions of lignification
 g - 3 potions of resistance
 h - 2 potions of flight
 i - 4 potions of heal wounds
 j - 9 potions of curing
 r - 3 potions of might
 t - 5 potions of attraction
 x - 3 potions of cancellation
 P - a potion of magic
 R - a potion of haste
 S - 2 potions of berserk rage
 X - 10 potions of ambrosia


   Skills:
 + Level 7.1 Fighting
 - Level 2.0 Throwing
 - Level 6.0 Dodging
 - Level 9.0 Stealth
 * Level 17.5 Spellcasting
 * Level 15.2 Conjurations
 - Level 10.0 Hexes
 - Level 10.0 Translocations
 * Level 7.8 Fire Magic
 - Level 3.0 Ice Magic
 * Level 5.4 Air Magic
 - Level 3.0 Poison Magic
 - Level 2.0 Evocations


You had 12 spell levels left.
You knew the following spells:

 Your Spells              Type           Power      Damage    Failure   Level
a - Magic Dart            Conj           100%       1d8       0%          1
b - Searing Ray           Conj           100%       2d8       0%          2
c - Fulminant Prism       Conj/Hex       40%        3d19      1%          4
d - Iskenderun's Mystic   Conj/Tloc      81%        2d16      1%          4
e - Freezing Cloud        Conj/Ice/Air   42%        6-21      1%          5
f - Plasma Beam           Fire/Air       31%        2x1d48    4%          6
g - Starburst             Conj/Fire      39%        6d11      1%          6
l - Conjure Ball Lightni  Conj/Air       37%        3x3d12    1%          6
p - Ignite Poison         Fire/Tmut/Pois 49%        N/A       1%          3

Your spell library contained the following spells:

 Spells                   Type           Power      Damage    Failure   Level
 Momentum Strike          Conj/Tloc      100%       3d10      0%          2
 Apportation              Tloc           100%       N/A       1%          1
 Sandblast                Erth           54%        2d13      1%          1
 Blink                    Tloc           100%       N/A       1%          2
 Lesser Beckoning         Tloc           100%       N/A       1%          2
 Scorch                   Fire           100%       2d9       1%          2
 Static Discharge         Conj/Air       100%       2-7/arc   1%          2
 Dazzling Flash           Conj/Hex       100%       N/A       1%          3
 Portal Projectile        Hex/Tloc       100%       N/A       1%          3
 Stone Arrow              Conj/Erth      100%       3d13      1%          3
 Volatile Blastmotes      Fire/Tloc      100%       2d18      1%          3
 Airstrike                Air            28%        2d(5-21)  1%          4
 Anguish                  Hex/Necr       27%        N/A       1%          4
 Cause Fear               Hex            36%        N/A       1%          4
 Flame Wave               Conj/Fire      78%        2d17      1%          4
 Leda's Liquefaction      Hex/Erth       27%        N/A       1%          4
 Passage of Golubria      Tloc           73%        N/A       1%          4
 Iskenderun's Battlesphe  Conj           89%        2d14      1%          5
 Silence                  Hex/Air        33%        N/A       1%          5
 Passwall                 Tmut/Erth      22%        N/A       2%          2
 Sublimation of Blood     Necr           27%        N/A       2%          2
 Wereblood                Tmut           27%        N/A       2%          2
 Call Canine Familiar     Summ           27%        N/A       4%          3
 Summon Lightning Spire   Summ/Air       44%        N/A       4%          4
 Summon Forest            Summ/Tloc      27%        N/A       5%          5
 Summon Mana Viper        Hex/Summ       55%        N/A       5%          5
 Alistair's Intoxication  Tmut/Pois      24%        N/A       22%         5
 Enfeeble                 Hex            36%        N/A       22%         7
 Lehudib's Crystal Spear  Conj/Erth      32%        10d8      69%         8
 Summon Cactus Giant      Summ           13%        N/A       93%         6
 Fire Storm               Conj/Fire      39%        8d10      95%         9
 Summon Hydra             Summ           13%        N/A       100%        7


Dungeon Overview and Level Annotations

Branches:
Dungeon (14/15)            Temple (1/1) D:5            Lair (5/5) D:8
  Swamp (0/4) Lair:2       Spider (0/4) Lair:2        Slime (0/5) Lair:5
    Orc (2/2) D:9             Elf (0/3) Orc:2        Vaults (0/5) D:13

Altars:
Ashenzari
Cheibriados
Dithmenos
Elyvilon
Fedhas
Gozag
Hepliaklqana
Kikubaaqudgha
Makhleb
Nemelex Xobeh
Okawaru
Qazlal
Ru
Sif Muna
Trog
Uskayaw
Vehumet
Wu Jian
Xom
Yredelemnul
Zin
The Shining One
Jiyva

Shops:
D:2 ((?   Orc:2 [!*[*

Annotations:
D:4 2 runed translucent doors, exclusion: 2 doors, Quickbrownfox's ghost, amateur DsIE
D:5 1 runed translucent door, exclusion: door, Quickbrownfox's ghost, novice DsIE
D:10 3 runed translucent doors, exclusion: 3 doors, Revguard's ghost, journeyman DsWr
D:12 1 runed translucent door, exclusion: door, MacCMillion's ghost, journeyman TrFi
D:14 Jorgrun
Lair:2 3 runed translucent doors, exclusion: 3 doors, konerai's ghost, journeyman MiMo
Lair:3 1 runed translucent door, Majang's ghost, journeyman GnDe


Message History

There is an open door here.
Casting: Fulminant Prism (safe; 1% risk of failure)
Confirm with . or Enter, or press ? or * to list all spells.
Aiming: Freezing Cloud (mildly dangerous; 1% risk of failure)
Press: ? - help, Dir - move target, f - green ugly thing
Aim: a green ugly thing (almost dead)
You feel a surge of power! That beam is likely to hit you.
Continue anyway?
You are engulfed in freezing vapours.
You resist.
* * * LOW HITPOINT WARNING * * *
The green ugly thing is engulfed in freezing vapours.
You kill the green ugly thing!
Vehumet accepts your kill.
You feel your power returning.
Unknown command.
Some rock shatters into small pieces.
Casting: Freezing Cloud (mildly dangerous; 1% risk of failure)
Confirm with . or Enter, or press ? or * to list all spells.
You create some ball lightning! 3 ball lightnings come into view.
Your ball lightning explodes!
The blast of lightning engulfs Jorgrun!!
Jorgrun is lightly wounded.
The blast of lightning engulfs your ball lightning.
Your ball lightning completely resists.
The blast of lightning engulfs your ball lightning.
Your ball lightning completely resists.
The blast of lightning engulfs you!!
* * * LOW HITPOINT WARNING * * *
Jorgrun is engulfed in freezing vapours.
Your ball lightning explodes!
The blast of lightning engulfs your ball lightning.
Your ball lightning completely resists.
The blast of lightning engulfs Jorgrun!
Jorgrun is moderately wounded.
Your ball lightning explodes!
The blast of lightning engulfs Jorgrun!
Jorgrun is moderately wounded.
The blast of lightning engulfs you!!
You die...

#..........# #.# ###+########
#.# #.### #.# #...# #.# ###.##
#.# #..# #<# ##+#### ######+##
###'#### .......###...§...#
#....... ........§g..§.@).#
#.......
..(u...#§#....)).#######.......
.u..u..#.#..§§...'.....'.......
.......#.#.......#######.......
.......#.#.......# #.......
..u..u.u.#.......# #.......
.......########### #.......
####### #....... ########


You could see Jorgrun.

Vanquished Creatures
  Gastronok (Lair:3)
  An orc warlord (D:9)
  An ettin (D:13)
  A fire dragon (D:13)
  5 hydras
  Harold (D:9)
  A death knight (D:14)
  2 catoblepae
  3 centaur warriors
  3 boulder beetles
  2 two-headed ogres (D:10)
  A tengu warrior (D:14)
  Urug (D:13)
  A skyshark (Lair:5)
  6 skeletal warriors
  A wizard (D:13)
  A phantasmal warrior (D:14)
  Pikel (D:9)
  3 orc knights (Orc:2)
  4 ugly things
  An orc sorcerer (Orc:2)
  11 elephants
  3 cyclopes
  4 manticores
  5 black mambas
  2 gargoyles
  9 cane toads
  9 rime drakes
  6 komodo dragons
  An unseen horror (D:12)
  A kobold demonologist (D:11)
  A tengu conjurer (D:14)
  A meliai (Lair:2)
  A freezing wraith (D:14)
  3 trolls
  4 polar bears
  A queen bee (D:11)
  9 blink frogs (Lair:4)
  6 hornets (Lair:5)
  14 spriggans (Lair:5)
  A shadow (D:7)
  6 wyverns
  Eustachio (D:4)
  7 wraiths
  A yak (shapeshifter) (D:13)
  3 steam dragons
  51 yaks
  A basilisk (D:8)
  3 humans (D:6)
  9 vampire mosquitoes
  4 wargs
  An acid dragon (D:7)
  14 water moccasins
  Duvessa (D:5)
  An ice beast (D:5)
  32 orc warriors
  A swamp drake (Lair:2)
  7 black bears
  4 boggarts (Lair:5)
  5 ogres
  25 wolves
  24 centaurs
  A phantom (D:4)
  4 kobold brigands
  12 bullfrogs
  A gnoll sergeant (D:6)
  4 scorpions
  7 wights
  Dowan (D:5)
  29 killer bees
  6 howler monkeys
  2 electric eels (D:8)
  6 jellies
  7 hounds
  9 orc priests
  3 gnoll boudas
  4 sleepcaps
  12 iguanas
  17 orc wizards
  Robin (D:2)
  26 gnolls
  10 adders
  2 shadow imps
  2 white imps (D:6)
  3 worms
  2 dart slugs
  69 orcs
  9 endoplasms
  3 giant cockroaches
  12 goblins
  11 hobgoblins
  5 jackals
  15 kobolds
  4 ball pythons
  4 frilled lizards
  5 rats
  A spectral orc (D:11)
643 creatures vanquished.

Vanquished Creatures (others)
  16 ball lightnings
  404 fulminant prisms
420 creatures vanquished.

Grand Total: 1063 creatures vanquished

Notes
Turn   | Place    | Note
-------+----------+-------------------------------------------
     0 | D:1      | KamiKatze the Deep Elf Conjurer began the quest for the
                  | Orb.
     0 | D:1      | Reached XP level 1. HP: 10/10 MP: 6/6
   250 | D:1      | Reached XP level 2. HP: 15/15 MP: 2/8
   273 | D:1      | Learned a level 2 spell: Searing Ray
   720 | D:1      | Reached skill level 1 in Translocations
   793 | D:1      | Reached skill level 1 in Evocations
   793 | D:1      | Reached XP level 3. HP: 19/19 MP: 6/10
   969 | D:2      | Found Atall's Magic Scroll Shop.
   973 | D:2      | Bought a scroll of identify for 28 gold pieces
  1116 | D:2      | Found Zuesy's Antique Weapon Boutique.
  1126 | D:2      | Noticed Robin
  1164 | D:2      | Killed Robin
  1165 | D:2      | Reached skill level 1 in Hexes
  1287 | D:2      | Found Zeitucue's Weapon Shoppe.
  1748 | D:3      | Reached XP level 4. HP: 24/24 MP: 6/11
  1923 | D:3      | Found a burning altar of Makhleb.
  2022 | D:3      | Reached skill level 4 in Spellcasting
  2039 | D:3      | Found an iron altar of Okawaru.
  2389 | D:3      | You fall into a shaft and drop 3 floors!
  2439 | D:6      | Reached XP level 5. HP: 28/28 MP: 4/13
  2503 | D:5      | Entered Level 5 of the Dungeon
  2506 | D:5      | Noticed an ogre
  2536 | D:6      | Identified the +1 leather armour of Zuluy {Will+++}
  2556 | D:6      | Learned a level 4 spell: Fulminant Prism
  2561 | D:6      | Learned a level 4 spell: Iskenderun's Mystic Blast
  2591 | D:6      | Reached skill level 1 in Throwing
  2651 | D:6      | Reached skill level 5 in Conjurations
  3112 | D:5      | Found a staircase to the Ecumenical Temple.
  3122 | Temple   | Entered the Ecumenical Temple
  3150 | D:5      | HP: 1/28 [ogre/+0 giant spiked club (27)]
  3151 | D:5      | Killed an ogre
  3152 | D:5      | Reached XP level 6. HP: 1/32 MP: 8/15
  3292 | D:5      | Found a runed translucent door.
  3295 | D:5      | Noticed Quickbrownfox's ghost (novice DsIE)
  3310 | D:5      | Noticed Duvessa
  3425 | D:5      | Noticed a water moccasin
  3483 | D:4      | Reached skill level 5 in Spellcasting
  3522 | D:5      | Noticed Dowan
  3687 | D:4      | Reached XP level 7. HP: 36/36 MP: 10/16
  3750 | D:4      | Noticed Eustachio
  3758 | D:4      | Killed Eustachio
  3863 | D:4      | Reached skill level 6 in Spellcasting
  4160 | D:4      | Found a runed translucent door.
  4165 | D:4      | Noticed Quickbrownfox's ghost (amateur DsIE)
  4233 | D:4      | Found a runed translucent door.
  4349 | D:3      | Found a snail-covered altar of Cheibriados.
  4547 | D:4      | Reached skill level 5 in Hexes
  4815 | D:5      | Killed Duvessa
  4816 | D:5      | Reached XP level 8. HP: 13/41 MP: 7/19
  4824 | D:5      | Killed Dowan
  5698 | D:5      | Identified the ring "Azetsaez" {Str+6 SInv Stlth+}
  5723 | D:5      | Reached skill level 7 in Spellcasting
  5723 | D:5      | Reached skill level 5 in Translocations
  6548 | D:5      | Reached skill level 8 in Spellcasting
  6548 | D:5      | Reached XP level 9. HP: 45/45 MP: 10/23
  7537 | D:6      | Reached skill level 9 in Spellcasting
  7555 | D:6      | Found a bloodstained altar of Trog.
  7556 | D:6      | Found a hide-covered altar of Uskayaw.
  8326 | D:7      | Reached skill level 1 in Fighting
  8431 | D:7      | Reached XP level 10. HP: 52/52 MP: 5/25
  8616 | D:7      | Found a sacrificial altar of Ru.
  8770 | D:7      | Found a broken altar of Ashenzari.
  8770 | D:7      | Found a radiant altar of Vehumet.
  8770 | D:7      | Found a white marble altar of Elyvilon.
  8775 | D:7      | Found a hazy altar of Hepliaklqana.
  8778 | D:7      | Became a worshipper of Vehumet
  9247 | D:8      | Noticed an elephant
  9277 | D:8      | Killed an elephant
  9525 | D:8      | Found a staircase to the Lair.
  9579 | D:8      | Reached skill level 10 in Spellcasting
  9813 | D:8      | Reached * piety under Vehumet
  9813 | D:8      | Offered knowledge of Freeze by Vehumet.
 10405 | D:9      | Found an ancient bone altar of Kikubaaqudgha.
 10707 | D:9      | Noticed Pikel
 10710 | D:9      | Killed Pikel
 10711 | D:9      | Reached skill level 5 in Stealth
 10814 | D:9      | Found a glowing silver altar of Zin.
 10815 | D:9      | Found an opulent altar of Gozag.
 10890 | D:9      | Noticed Harold
 11002 | D:9      | Killed Harold
 11003 | D:9      | Reached skill level 10 in Hexes
 11044 | D:9      | Reached XP level 11. HP: 58/58 MP: 18/27
 11439 | D:9      | Reached skill level 5 in Dodging
 11498 | D:9      | Offered knowledge of Foxfire by Vehumet.
 11499 | D:9      | Reached ** piety under Vehumet
 11558 | D:9      | Reached skill level 11 in Spellcasting
 11717 | D:9      | Found a staircase to the Orcish Mines.
 11861 | D:10     | Entered Level 10 of the Dungeon
 11929 | Lair:1   | Entered Level 1 of the Lair of Beasts
 11989 | Lair:1   | Reached skill level 10 in Conjurations
 13306 | Lair:2   | Reached skill level 12 in Spellcasting
 13709 | Lair:2   | Reached skill level 10 in Translocations
 13757 | Lair:2   | Found a hole to the Spider Nest.
 13775 | Lair:2   | Offered knowledge of Volatile Blastmotes by Vehumet.
 13813 | Lair:2   | Found a staircase to the Swamp.
 13890 | Lair:2   | Found a runed translucent gate.
 13891 | Lair:2   | Found a runed translucent gate.
 13891 | Lair:2   | Found a runed translucent gate.
 13892 | Lair:2   | Noticed konerai's ghost (journeyman MiMo)
 13999 | Lair:2   | Reached XP level 12. HP: 66/66 MP: 26/30
 14143 | Lair:3   | Noticed Gastronok
 14174 | Lair:3   | Killed Gastronok
 14369 | Lair:3   | Reached *** piety under Vehumet
 14384 | Lair:3   | Reached skill level 13 in Spellcasting
 14760 | Lair:3   | Offered knowledge of Ignite Poison by Vehumet.
 14772 | Lair:3   | Learned a level 3 spell: Ignite Poison
 14796 | Lair:3   | Found a runed translucent door.
 14889 | Lair:3   | Noticed Majang's ghost (journeyman GnDe)
 15325 | Lair:3   | Reached skill level 1 in Fire Magic
 15396 | Lair:4   | Upgraded the game from 0.30.0-5-g1a98f26d00 to
                  | 0.30.0-7-g0c4daa9e05
 15421 | Lair:4   | Reached skill level 14 in Spellcasting
 15421 | Lair:4   | Reached skill level 1 in Poison Magic
 15845 | Lair:4   | Reached skill level 5 in Fighting
 15889 | Lair:4   | You fall into a shaft and drop 1 floor!
 15889 | Lair:5   | Entered Level 5 of the Lair of Beasts
 15914 | Lair:5   | Noticed an eight-headed hydra
 15962 | Lair:4   | Reached **** piety under Vehumet
 16174 | Lair:4   | Reached XP level 13. HP: 72/72 MP: 18/33
 16665 | Lair:5   | Offered knowledge of Sticky Flame by Vehumet.
 17125 | Lair:5   | Reached skill level 15 in Spellcasting
 17261 | Lair:5   | Found a staircase to the Slime Pits.
 17265 | Lair:5   | Found a viscous altar of Jiyva.
 17359 | Lair:5   | Reached ***** piety under Vehumet
 17610 | Lair:5   | Offered knowledge of Freezing Cloud by Vehumet.
 17632 | Lair:5   | Learned a level 6 spell: Starburst
 18955 | Lair:5   | Reached skill level 16 in Spellcasting
 19102 | Orc:1    | Entered Level 1 of the Orcish Mines
 19120 | Orc:1    | Noticed an orc warlord
 19301 | D:9      | Killed an orc warlord
 19727 | Orc:1    | Reached skill level 5 in Fire Magic
 20007 | Orc:2    | Entered Level 2 of the Orcish Mines
 20007 | Orc:2    | Found a staircase to the Elven Halls.
 20029 | Orc:1    | Learned a level 5 spell: Freezing Cloud
 20144 | Orc:2    | Reached XP level 14. HP: 80/80 MP: 6/36
 20209 | Orc:2    | Reached skill level 1 in Ice Magic
 20257 | Orc:2    | Reached skill level 1 in Air Magic
 20460 | Orc:2    | Found Qepas's Antique Armour Emporium.
 20576 | Orc:2    | Offered knowledge of Plasma Beam by Vehumet.
 21233 | Orc:2    | Found Piysyun's General Store.
 21233 | Orc:2    | Found Idusum's Armour Boutique.
 21235 | Orc:2    | Found Ohak's Assorted Antiques.
 21237 | Orc:2    | Found Hitos's Distillery.
 21677 | D:10     | Got the Precepts of Conjury
 22210 | D:10     | Found a runed translucent gate.
 22212 | D:10     | Found a runed translucent gate.
 22214 | D:10     | Found a runed translucent gate.
 22214 | D:10     | Noticed Revguard's ghost (journeyman DsWr)
 22326 | D:10     | Learned a level 6 spell: Plasma Beam
 23337 | D:11     | Found a hazy altar of Hepliaklqana.
 23382 | D:11     | Offered knowledge of Conjure Ball Lightning by Vehumet.
 23408 | D:11     | Learned a level 6 spell: Conjure Ball Lightning
 23633 | D:12     | Noticed MacCMillion's ghost (journeyman TrFi)
 23633 | D:12     | Found a runed translucent door.
 24367 | D:12     | Reached skill level 17 in Spellcasting
 25192 | D:13     | Noticed Urug
 25746 | D:13     | Killed Urug
 25890 | D:13     | Reached skill level 15 in Conjurations
 26317 | D:13     | Found a gate to the Vaults.
 26623 | D:14     | Reached skill level 5 in Air Magic
 27108 | D:14     | Reached XP level 15. HP: 71/86 MP: 32/38
 27109 | D:14     | Noticed Jorgrun
 27278 | D:14     | Killed by an exploding ball lightning

Illustrated notes

Levels and vault maps discovered:
D:1:      psy_arrival_fountain, layout_loops_ring, nicolae_grassy_gnolls
D:2:      layout_rooms, serial_shops, nicolae_shop_advertising_works
          [nicolae_subvault_shop_adworks], nicolae_shop_stone, shop_coins,
          uniq_robin
D:3:      layout_loops_ring, mainiacjoe_overflow_alcove_1,
          mainiacjoe_overflow_small_starburst, okawaru_gym_becter
D:4:      wander_river, layout_loops_cross, ebering_ghost_sewer_f,
          nicolae_ossuary_entry_monument, uniq_eustachio
D:5:      kennysheep_windowed_halls, layout_basic, minmay_temple_entry_arrows,
          gammafunk_ghost_grave, minivault_25, uniq_duvessa
D:6:      layout_layer_cave, gammafunk_temple_overflow_pools,
          minmay_misc_feat_iff, nicolae_hexahallways, kennysheep_path_1,
          minmay_ruffians
D:7:      layout_cave_pools, mainiacjoe_overflow_six_doors_small, minitemple,
          minivault_25, st_stairs_2
D:8:      nicolae_moon_pools, layout_rooms, david_lair_generic, sigmund_army
D:9:      layout_loops_ring, grunt_temple_overflow_gold_and_silver,
          mainiacjoe_overflow_alcove_2, david_orc_1_choice,
          hangedman_glass_teeth, uniq_harold, uniq_pikel
D:10:     layout_basic, gammafunk_ghost_hydra_chop, corexii_corridor_pit,
          nicolae_fountain_basement
D:11:     layout_cave_pools, special_room [special_room_bee],
          nicolae_hepliaklqana_monster_ancestors
D:12:     layout_irregular_city, hellmonk_ghost_big_iron,
          onia_ninara_dug_in_and_dangerous
D:13:     layout_stronghold, david_vaults_4, grunt_decor_one_mirror,
          minmay_unpleasant_kobolds, uniq_urug
D:14:     layout_roguey, led_sif_pool, uniq_jorgrun
Temple:   hellmonk_temple_rainy
Lair:1:   layout_roguey, beast_lair_carwin_1, grunt_megastairs_4,
          serial_bayou_shore_b, serial_bayou_shore_b
Lair:2:   layout_roguey, minmay_swamp_entry_reptiles,
          hellmonk_spider_entry_not_the_bees, ebering_ghost_rock_garden
Lair:3:   layout_chaotic_city, hellmonk_ghost_happy_afterlife,
          lemuel_fruit_fields, uniq_gastronok
Lair:4:   layout_concentric_octagons, minmay_lair_drake_nest
Lair:5:   minmay_lair_end_enchanted_forest, layout_cave_pods,
          nicolae_slime_entry_slimehenge
Orc:1:    layout_caves
Orc:2:    st_orc_rangers, layout_caves, serial_shops, nicolae_shop_tiny_glass,
          mines1_david

Skill      XL: |  1  2  3  4  5  6  7  8  9 10 11 12 13 14 |
---------------+-------------------------------------------+-----
Translocations | 1 2 3 4 5 7 8 10 | 10.0
Evocations     | 1 2 |  2.0
Hexes          | 1 2 3 5 7 8 10 | 10.0
Dodging        | 3 4 6 |  6.0
Spellcasting   | 4 5 6 8 9 10 12 14 16 17 | 17.5
Throwing       | 1 2 |  2.0
Stealth        | 3 5 6 8 9 |  9.0
Conjurations   | 5 6 7 8 9 11 12 14 15 | 15.2
Fighting       | 1 2 3 5 6 7 |  7.1
Fire Magic     | 2 5 7 |  7.8
Poison Magic   | 2 3 |  3.0
Ice Magic      | 3 |  3.0
Air Magic      | 5 |  5.4

Action                     |  1- 3 |  4- 6 |  7- 9 | 10-12 | 13-15 || total
---------------------------+-------+-------+-------+-------+-------++-------
  Melee: Whip              |     4 |       |       |       |       ||     4
         Short sword       |       |       |       |     1 |       ||     1
         Staff             |       |       |       |       |     2 ||     2
   Cast: Magic Dart        |    64 |    41 |    51 |    20 |     3 ||   179
         Searing Ray       |     4 |    18 |    39 |    17 |    11 ||    89
         Fulminant Prism   |       |       |    45 |   187 |   172 ||   404
         Iskenderun's Myst |       |       |    11 |    53 |   106 ||   170
         Freezing Cloud    |       |       |       |       |    98 ||    98
         Starburst         |       |       |       |       |    20 ||    20
         Plasma Beam       |       |       |       |       |    25 ||    25
         Conjure Ball Ligh |       |       |       |       |     7 ||     7
    Use: Scroll            |     3 |     8 |     2 |    13 |     1 ||    27
         Potion            |       |       |     1 |       |     1 ||     2
 Armour: Robe              |     1 |     8 |     2 |     5 |    14 ||    30
  Dodge: Dodged            |     4 |    28 |    27 |    27 |    96 ||   182
  Block: Other             |     1 |    10 |     2 |       |       ||    13
         Reflection        |       |     1 |       |       |       ||     1
